 Dungeon Crawl Stone Soup version 0.29.1-13-g9f3cf754e1 (webtiles) character file.

Game seed: 4512545679888219216

38 Exodus22XD the Ducker (level 3, 0/27 HPs)
             Began as a Demonspawn Gladiator on Feb 3, 2023.
             Slain by a goblin
             ... wielding a +0 club
             ... led by Robin
              (3 damage)
             ... on level 2 of the Dungeon.
             The game lasted 00:01:08 (842 turns).

Exodus22XD the Ducker (Demonspawn Gladiator)         Turns: 842, Time: 00:01:09

Health: 0/27       AC:  4    Str: 16    XL:     3   Next: 25%
Magic:  3/3        EV: 12    Int:  9    God:
Gold:   42         SH:  0    Dex: 14    Spells: 2/2 levels left

rFire   . . .      SeeInvis .   a - +0 trident
rCold   . . .      Faith    .   (no shield)
rNeg    . . .      Spirit   .   b - +0 leather armour
rPois   .          Reflect  .   c - +0 helmet
rElec   .          Harm     .   (no cloak)
rCorr   .          Rampage  .   (no gloves)
Will    .....                   (no boots)
Stlth   +.........              (no amulet)
HPRegen 0.09/turn               (no ring)
MPRegen 0.08/turn               (no ring)

@: no status effects
A: powered by death 1
a: no special abilities


You were on level 2 of the Dungeon.
You visited 1 branch of the dungeon, and saw 2 of its levels.

You collected 42 gold pieces.

Inventory:

Hand Weapons
 a - a +0 trident (weapon)
Missiles
 d - 3 throwing nets (quivered)
 e - a javelin
Armour
 b - a +0 leather armour (worn)
 c - a +0 helmet (worn)
Scrolls
 f - 2 scrolls of amnesia {unknown}
 g - 2 scrolls of teleportation {unknown}
 k - a scroll of noise {unknown}
Potions
 h - a potion of curing {unknown}
 i - a potion of attraction {unknown}
 j - a potion of berserk rage {unknown}


   Skills:
 + Level 2.1 Fighting
 + Level 3.1 Polearms
 - Level 1.7 Throwing
 * Level 1.1 Armour
 + Level 3.2 Dodging
 + Level 0.2 Stealth


You had 2 spell levels left.
You didn't know any spells.
Your spell library was empty.

Dungeon Overview and Level Annotations

Branches:
Dungeon (2/15)

Altars:

Annotations:
D:2 Robin


Innate Abilities, Weirdness & Mutations

You regenerate a little health from kills.


Message History

The goblin hits you with a +0 club.
* * * LOW HITPOINT WARNING * * *
The goblin closely misses you.
Okay, then.
Sorry, you're not good enough to have a special ability.
Unknown command.
Okay, then.
You puncture the goblin!
You kill the goblin!
The goblin hits you but does no damage. Robin attacks as you move away!
Robin closely misses you.
Items here: ))) ††.
You closely miss Robin. Robin throws the goblin at you! The goblin misses you.
Robin barely misses you. The goblin misses you.
The goblin hits you but does no damage.
Things that are here:
a +0 dagger; a goblin corpse The goblin barely misses you.
Robin throws the goblin at you! The goblin hits you with a +0 dagger.
* * * LOW HITPOINT WARNING * * *
The goblin no longer looks unusually strong.
The hobgoblin no longer looks unusually strong.
The goblin closely misses you.
Robin roars a battlecry!
The goblins go into a battle-frenzy!
The goblin attacks as you move away! The goblin hits you with a +0 dagger.
* * * LOW HITPOINT WARNING * * *
Robin roars a battlecry!
The goblin attacks as you move away! The goblin hits you with a +0 dagger.
* * * LOW HITPOINT WARNING * * *
The goblin attacks as you move away! The goblin closely misses you.
The goblin attacks as you move away! The goblin misses you.
The goblin attacks as you move away! The goblin closely misses you.
The goblin attacks as you move away! The goblin closely misses you.
Robin throws the goblin at you!
You see here a ball python corpse.
You closely miss the goblin.
The goblin no longer looks unusually strong.
The goblin hits you with a +0 club.
You die...

##.###.#.# #.....g#.#
#..##g...#####.##
#..##..#.........
###..##.g..#####.##
........g..#
###........#
#.....g### #.#
######@# #.# #g# #.#
##'## #.# ##...##
##.## ##.....##
###...## ##.....<.#
###......###.........#
...........'.........+
###.....####.........#


You could see Robin, 2 hobgoblins and 3 goblins.

Vanquished Creatures
  A worm (D:2)
  2 dart slugs (D:1)
  A bat (D:1)
  8 goblins
  2 hobgoblins (D:1)
  3 kobolds (D:1)
  2 quokkas
  3 ball pythons
  2 frilled lizards (D:1)
  3 rats
27 creatures vanquished.

Vanquished Creatures (others)
  5 toadstools (D:1)
5 creatures vanquished.

Grand Total: 32 creatures vanquished

Notes
Turn   | Place    | Note
-------+----------+-------------------------------------------
     0 | D:1      | Exodus22XD the Demonspawn Gladiator began the quest for the
                  | Orb.
     0 | D:1      | Reached XP level 1. HP: 16/16 MP: 1/1
   155 | D:1      | Gained mutation: You regenerate a little health from kills.
                  | [demonic ancestry]
   155 | D:1      | Reached XP level 2. HP: 8/22 MP: 2/2
   750 | D:2      | Reached XP level 3. HP: 24/27 MP: 3/3
   807 | D:2      | Reached skill level 1 in Armour
   812 | D:2      | Noticed Robin
   842 | D:2      | Slain by a goblin

Illustrated notes

Levels and vault maps discovered:
D:1:      ldierk_walled_garden, layout_rooms
D:2:      layout_loops_corners, uniq_robin

Skill      XL: |  1  2  3 |
---------------+----------+-----
Dodging        | 3 |  3.2
Polearms       | 3 |  3.1
Armour         | 1 |  1.1
Fighting       | |  2.1
Throwing       | |  1.7
Stealth        | |  0.2

Action                   || total
-------------------------++-------
Melee: Trident           ||   100
Armor: Leather armour    ||    31
Dodge: Dodged            ||    62
